 Dungeon Crawl Stone Soup version 0.25-a0-420-g1cc7eeb0d1 (webtiles) character file.

Game seed: 15602883519448954554, levelgen mode: deterministic

31 Eurus the Conjurer (level 3, 0/24 HPs)
             Began as a Mummy Conjurer on Jan 19, 2020.
             Slain by an orc wizard
             ... wielding a +0 dagger
              (2 damage)
             ... on level 2 of the Dungeon.
             The game lasted 00:03:57 (1393 turns).

Eurus the Conjurer (Mummy Conjurer)                 Turns: 1393, Time: 00:03:58

Health: 0/24       AC:  3    Str: 11    XL:     3   Next: 7%
Magic:  5/7        EV: 12    Int: 15    God:
Gold:   58         SH:  0    Dex: 12    Spells: 5/8 levels left

rFire    x . .     SeeInvis .   b - +0 dagger
rCold    + . .     Gourm    .   (no shield)
rNeg     + + +     Faith    .   a - +0 robe
rPois    ∞         Spirit   .   (no helmet)
rElec    .         Reflect  .   (no cloak)
rCorr    .         Harm     .   g - +0 pair of gloves
MR       .....                  (no boots)
Stlth    ++........             (no amulet)
HPRegen  0.08/turn              (no ring)
MPRegen  0.10/turn              (no ring)

@: no status effects
A: no food or potions, fire vulnerability, cold resistance 1, negative energy
resistance 3, torment resistance, unbreathing
a: no special abilities


You were on level 2 of the Dungeon.
You were not hungry.

You visited 1 branch of the dungeon, and saw 2 of its levels.

You collected 58 gold pieces.

Inventory:

Hand Weapons
 b - a +0 dagger (weapon)
 c - a +0 spear
Armour
 a - a +0 robe (worn)
 g - a +0 pair of gloves (worn)
Jewellery
 d - an uncursed ring of see invisible {unknown}
 f - a cursed amulet of inaccuracy {unknown}
Scrolls
 e - a scroll of amnesia {unknown}


   Skills:
 - Level 1.5 Dodging
 + Level 2.0 Stealth
 + Level 3.3 Spellcasting
 + Level 3.7 Conjurations


You had 5 spell levels left.
You knew the following spells:

 Your Spells              Type           Power        Failure   Level  Hunger
a - Magic Dart            Conj           ##..         4%          1    N/A
b - Searing Ray           Conj           ##....       6%          2    N/A

Your spell library contained the following spells:

 Spells                   Type           Power        Failure   Level  Hunger
 Dazzling Flash           Conj/Hex       #.....       26%         3    N/A
 Fulminant Prism          Conj/Hex       #.........   65%         4    N/A
 Iskenderun's Mystic Bla  Conj/Tloc      #.......     65%         4    N/A

Dungeon Overview and Level Annotations

Branches:
Dungeon (2/15)

Altars:
Gozag
Okawaru


Innate Abilities, Weirdness & Mutations

You do not eat or drink.
Your flesh is vulnerable to fire.
You are immune to poison.
Your flesh is cold resistant. (rC+)
You are immune to negative energy. (rN+++)
You are immune to unholy pain and torment.
You can survive without breathing.


Message History

The orc barely misses you.
You hit the orc wizard but do no damage.
The orc wizard is severely wounded.
The orc wizard closely misses you. The orc wizard barely misses you.
You hit the orc wizard.
The orc wizard is severely wounded.
The orc closely misses you.
The orc wizard hits you but does no damage.
You closely miss the orc wizard.
The orc wizard is severely wounded.
The orc wizard mumbles some strange words.
The orc wizard blinks!
The orc hits you with a +0 flail.
* * * LOW HITPOINT WARNING * * *
The orc wizard mumbles some strange words.
The orc wizard blinks!
The orc wizard mumbles some strange words.
The orc wizard blinks!
You see here a scale mail.
The orc wizard hits you with a +0 dagger.
You die...

.....)....._.....#
####'#.#.......#.#
#...#.......#.#
###.##.....##.#
#.####.####.#
#...........#
######.####.#
#.....o# ######@#
#[# #.# #.####
#.§..# ###.## #o#
#############.##
#.....#........#


You could see an orc wizard.

Vanquished Creatures
  An ooze (D:1)
  A leopard gecko (D:2)
  A ball python (D:2)
  A goblin (D:1)
  6 hobgoblins (D:1)
  4 kobolds
  4 bats
  3 frilled lizards (D:1)
  3 rats
24 creatures vanquished.

Notes
Turn   | Place    | Note
-------+----------+-------------------------------------------
     0 | D:1      | Eurus the Mummy Conjurer began the quest for the Orb.
     0 | D:1      | Reached XP level 1. HP: 13/13 MP: 4/4
   434 | D:1      | Reached XP level 2. HP: 19/19 MP: 1/5
   479 | D:1      | Learned a level 2 spell: Searing Ray
  1170 | D:2      | Found an opulent altar of Gozag.
  1224 | D:2      | Found an iron altar of Okawaru.
  1226 | D:2      | Reached XP level 3. HP: 24/24 MP: 5/7
  1393 | D:2      | Slain by an orc wizard

Levels and vault maps discovered:
D:1:      saegor_arrival_under_anarchy, layout_loops_ring
D:2:      layout_basic, old_standard_altar, minmay_misc_feat_x,
          okawaru_metal_pillars_1_2

Skill      XL: |  1  2 |
---------------+-------+-----
Spellcasting   | 3 |  3.3
Stealth        | 2 |  2.0
Dodging        | |  1.5
Conjurations   | |  3.7

Action                   || total
-------------------------++-------
Melee: Dagger            ||    30
 Cast: Magic Dart        ||    54
Armor: Robe              ||     6
Dodge: Dodged            ||    22

Table legend:
 A = Non-vault XP
 B = Vault XP
 C = Vault XP percentage of total XP
 D = Non-vault monster count
 E = Vault monster count
 F = Vault count percentage of total count
                 A         B        C        D         E       F
            +---------+---------+-------+---------+---------+-------
      Total |      45 |       0 |   0.0 |      24 |       0 |   0.0
            +---------+---------+-------+---------+---------+-------
        D:1 |      36 |       0 |   0.0 |      19 |       0 |   0.0
        D:2 |       9 |       0 |   0.0 |       5 |       0 |   0.0
            +---------+---------+-------+---------+---------+-------
